TOP OF THE 1ST |
Buffalo Bisons batting - Pitching for Scranton WB RailRiders : LHP Joel Pacheco
|
Pitching: LHP Joel Pacheco
|
|
Batting: RHB Pedro Nin
|
0-0: Called Strike 0-1: Swinging Strike 0-2: Foul Ball, location: 2F 0-2: Ball 1-2: Ball 2-2: Ball 3-2: Ground out 1-3 (Groundball, 23, EV 71.2 MPH)
|
Batting: RHB Francisco Hernandez
|
0-0: Ball 1-0: Called Strike 1-1: Ball 2-1: Foul Ball, location: 2F 2-2: Foul Ball, location: 2F 2-2: Reached on error, E5 (Groundball, 5, EV 102.5 MPH)
|
Batting: RHB Alex Ramos
|
0-0: Ball Wild Pitch! Francisco Hernandez to third 1-0: Ball 2-0: Foul Ball, location: 2F 2-1: Called Strike 2-2: Strikes out swinging
|
Batting: RHB Michel Martineau
|
0-0: Foul Ball, location: 2F 0-1: Ball 1-1: Ball 2-1: Ball 3-1: Foul Ball, location: 2F 3-2: DOUBLE (Flyball, 8RXD, EV 96.2 MPH) Francisco Hernandez scores
|
Batting: RHB John Creel
|
0-0: Ground out 6-3 (Groundball, 6S, EV 78.8 MPH)
|
Top of the 1st over - 1 run, 1 hit, 1 error, 1 left on base; Buffalo 1 - Scranton WB 0 |
BOTTOM OF THE 1ST |
Scranton WB RailRiders batting - Pitching for Buffalo Bisons : LHP Jon Sosa
|
Pitching: LHP Jon Sosa
|
|
Batting: RHB Russ Shambaugh
|
0-0: Ball 1-0: Ball 2-0: Ball 3-0: Base on Balls
|
Batting: RHB Jose Garza
|
0-0: Ball 1-0: Called Strike 1-1: Foul Ball, location: 2F 1-2: Grounds into double play, 1-4-3 (Groundball, 15S, EV 73.8 MPH)
|
Batting: RHB James Boynton
|
0-0: Ball 1-0: Ball 2-0: SINGLE (Line Drive, 7S, EV 105.6 MPH)
|
Batting: RHB Jayden Patterson
|
0-0: Swinging Strike 0-1: Ball 1-1: Ball 2-1: Fly out, F8 (Flyball, 89M, EV 93.8 MPH)
|
Bottom of the 1st over - 0 runs, 1 hit, 0 errors, 1 left on base; Buffalo 1 - Scranton WB 0 |
TOP OF THE 2ND |
Buffalo Bisons batting - Pitching for Scranton WB RailRiders : LHP Joel Pacheco
|
Batting: RHB Danny Heyer
|
0-0: Ball 1-0: Swinging Strike 1-1: Foul Ball, location: 2F 1-2: Fly out, F4 (Popup, 4S, EV 81.9 MPH)
|
Batting: LHB Tso-lin Fen
|
0-0: Swinging Strike 0-1: Ground out 6-3 (Groundball, 6M, EV 104.4 MPH)
|
Batting: RHB Kirk Seiffert
|
0-0: Called Strike 0-1: Ball 1-1: Ball 2-1: Foul Ball, location: 2F 2-2: Fly out, F9 (Flyball, 9LM, EV 102.5 MPH)
|
Top of the 2nd over - 0 runs, 0 hits, 0 errors, 0 left on base; Buffalo 1 - Scranton WB 0 |
BOTTOM OF THE 2ND |
Scranton WB RailRiders batting - Pitching for Buffalo Bisons : LHP Jon Sosa
|
Batting: LHB Kazuyoshi Nakamura
|
0-0: Called Strike 0-1: Ground out 6-3 (Groundball, 6M, EV 105.0 MPH)
|
Batting: RHB Luis Balderas
|
0-0: Foul Ball, location: 2F 0-1: Ball 1-1: Ground out 6-3 (Groundball, 6, EV 89.4 MPH)
|
Batting: LHB Dan Morris
|
0-0: Called Strike 0-1: Called Strike 0-2: Ball 1-2: Fly out, F9 (Flyball, 89M, EV 97.5 MPH)
|
Bottom of the 2nd over - 0 runs, 0 hits, 0 errors, 0 left on base; Buffalo 1 - Scranton WB 0 |
TOP OF THE 3RD |
Buffalo Bisons batting - Pitching for Scranton WB RailRiders : LHP Joel Pacheco
|
Batting: LHB Sadamu Noguchi
|
0-0: DOUBLE (Line Drive, 78D, EV 100.0 MPH)
|
Batting: RHB Pedro Nin
|
0-0: Ball 1-0: Ball 2-0: Called Strike 2-1: Called Strike 2-2: Ball 3-2: Foul Ball, location: 2F 3-2: Foul Ball, location: 2F 3-2: Base on Balls
|
Batting: RHB Francisco Hernandez
|
0-0: Fly out, F9 (Flyball, 9LD, EV 86.9 MPH) Runner from 2nd tags up, SAFE at 3rd, no throw by RF
|
Batting: RHB Alex Ramos
|
0-0: Ball 1-0: Called Strike 1-1: Ball 2-1: Foul Ball, location: 2F 2-2: Strikes out swinging
|
Batting: RHB Michel Martineau
|
0-0: Ball 1-0: Foul Ball, location: 2F 1-1: Foul Ball, location: 2F 1-2: Ball 2-2: Foul Ball, location: 2F 2-2: Fly out, F8 (Flyball, 8LM, EV 80.6 MPH)
|
Top of the 3rd over - 0 runs, 1 hit, 0 errors, 2 left on base; Buffalo 1 - Scranton WB 0 |
BOTTOM OF THE 3RD |
Scranton WB RailRiders batting - Pitching for Buffalo Bisons : LHP Jon Sosa
|
Batting: RHB Emil Wilbrink
|
0-0: Foul Ball, location: 2F 0-1: Ball 1-1: SINGLE (Groundball, P, EV 94.4 MPH)
|
Batting: RHB Sharafat Khanum
|
0-0: Ball Emil Wilbrink is caught stealing 2nd base 2-4 1-0: Ground out 6-3 (Groundball, 6MD, EV 98.1 MPH)
|
Batting: RHB Russ Shambaugh
|
0-0: Ball 1-0: Called Strike 1-1: Foul Ball, location: 2F 1-2: Strikes out swinging
|
Bottom of the 3rd over - 0 runs, 1 hit, 0 errors, 0 left on base; Buffalo 1 - Scranton WB 0 |
TOP OF THE 4TH |
Buffalo Bisons batting - Pitching for Scranton WB RailRiders : LHP Joel Pacheco
|
Batting: RHB John Creel
|
0-0: Called Strike 0-1: Swinging Strike 0-2: Ball 1-2: Reached on error, E4 (Groundball, 4S, EV 83.1 MPH)
|
Batting: RHB Danny Heyer
|
0-0: Ball 1-0: Ball 2-0: Ball 3-0: Called Strike 3-1: Base on Balls John Creel to second
|
Batting: LHB Tso-lin Fen
|
0-0: Ball 1-0: Called Strike 1-1: Swinging Strike 1-2: Fly out, F7 (Line Drive, 78S, EV 98.1 MPH)
|
Batting: RHB Kirk Seiffert
|
0-0: Ball 1-0: Called Strike 1-1: Ball 2-1: Foul Ball, location: 2F 2-2: Strikes out looking
|
Batting: LHB Sadamu Noguchi
|
0-0: Called Strike 0-1: Foul Ball, location: 2F 0-2: Fly out, F8 (Flyball, 8LD, EV 91.9 MPH)
|
Top of the 4th over - 0 runs, 0 hits, 1 error, 2 left on base; Buffalo 1 - Scranton WB 0 |
BOTTOM OF THE 4TH |
Scranton WB RailRiders batting - Pitching for Buffalo Bisons : LHP Jon Sosa
|
Batting: RHB Jose Garza
|
0-0: Ball 1-0: Ball 2-0: Ball 3-0: Base on Balls
|
Batting: RHB James Boynton
|
0-0: Ball 1-0: Ball 2-0: Ball 3-0: Called Strike 3-1: TRIPLE (Flyball, 78XD, EV 95.0 MPH) Jose Garza scores
|
Batting: RHB Jayden Patterson
|
0-0: Ball 1-0: Ball 2-0: Ball 3-0: Base on Balls
|
Batting: LHB Kazuyoshi Nakamura
|
0-0: Ball 1-0: Foul Ball, location: 2F 1-1: Ball 2-1: Ball 3-1: Called Strike 3-2: Fly out, F6 (Flyball, 56D, EV 81.9 MPH)
|
Batting: RHB Luis Balderas
|
0-0: Ball Jayden Patterson is caught stealing 2nd base 2-4 1-0: Swinging Strike 1-1: Swinging Strike 1-2: Strikes out swinging
|
Bottom of the 4th over - 1 run, 1 hit, 0 errors, 1 left on base; Buffalo 1 - Scranton WB 1 |
TOP OF THE 5TH |
Buffalo Bisons batting - Pitching for Scranton WB RailRiders : LHP Joel Pacheco
|
Batting: RHB Pedro Nin
|
0-0: Swinging Strike 0-1: Ball 1-1: Ball 2-1: Called Strike 2-2: Foul Ball, location: 2F 2-2: Foul Ball, location: 2F 2-2: Ball 3-2: Base on Balls
|
Pitching: RHP T.J. McCullough
|
|
Batting: RHB Francisco Hernandez
|
0-0: Ball 1-0: Called Strike 1-1: Ground out 5-3 (Groundball, 56S, EV 68.8 MPH) Pedro Nin to second
|
Batting: RHB Alex Ramos
|
0-0: Ball 1-0: Foul Ball, location: 2F 1-1: Called Strike Pedro Nin steals 3rd base 1-2: SINGLE (Groundball, 25, EV 73.1 MPH) (infield hit) Pedro Nin scores
|
Batting: RHB Michel Martineau
|
0-0: Ball 1-0: Ball 2-0: Grounds into double play, 4-6-3 (Groundball, 4, EV 100.0 MPH)
|
Top of the 5th over - 1 run, 1 hit, 0 errors, 0 left on base; Buffalo 2 - Scranton WB 1 |
BOTTOM OF THE 5TH |
Scranton WB RailRiders batting - Pitching for Buffalo Bisons : LHP Jon Sosa
|
Batting: LHB Dan Morris
|
0-0: Ball 1-0: Swinging Strike 1-1: Foul Ball, location: 2F 1-2: Strikes out swinging
|
Batting: RHB Emil Wilbrink
|
0-0: Called Strike 0-1: Fly out, F9 (Flyball, 9D, EV 102.5 MPH)
|
Batting: RHB Sharafat Khanum
|
0-0: Ball 1-0: Swinging Strike 1-1: Ball 2-1: Foul Ball, location: 2F 2-2: Foul Ball, location: 2F 2-2: Foul Ball, location: 2F 2-2: Ball 3-2: Foul Ball, location: 2F 3-2: SINGLE (Line Drive, 56D, EV 103.8 MPH)
|
Batting: RHB Russ Shambaugh
|
0-0: Called Strike 0-1: Ball 1-1: Ball 2-1: Foul Ball, location: 2F 2-2: Fly out, F8 (Line Drive, 8RM, EV 96.9 MPH)
|
Bottom of the 5th over - 0 runs, 1 hit, 0 errors, 1 left on base; Buffalo 2 - Scranton WB 1 |
TOP OF THE 6TH |
Buffalo Bisons batting - Pitching for Scranton WB RailRiders : RHP T.J. McCullough
|
Batting: RHB John Creel
|
0-0: Foul Ball, location: 2F 0-1: Ball 1-1: Ball 2-1: Fly out, F9 (Flyball, 9S, EV 82.5 MPH)
|
Batting: RHB Danny Heyer
|
0-0: Foul Ball, location: 2F 0-1: Ball 1-1: SINGLE (Flyball, 3D, EV 89.4 MPH)
|
Batting: LHB Tso-lin Fen
|
0-0: Ball 1-0: Ball 2-0: Ball 3-0: Called Strike 3-1: Base on Balls Danny Heyer to second
|
Batting: RHB Kirk Seiffert
|
0-0: SINGLE (Flyball, 8LS, EV 96.9 MPH) Danny Heyer to third Tso-lin Fen to second
|
Batting: LHB Sadamu Noguchi
|
0-0: Ball 1-0: Called Strike 1-1: Ball 2-1: SINGLE (Line Drive, 6MD, EV 100.0 MPH) Danny Heyer scores Tso-lin Fen to third Kirk Seiffert to second
|
Batting: RHB Pedro Nin
|
0-0: Ball 1-0: Called Strike 1-1: Ball 2-1: Called Strike 2-2: DOUBLE (Line Drive, 5D, EV 98.8 MPH) Tso-lin Fen scores Kirk Seiffert scores Sadamu Noguchi to third Runner from 3rd tries for Home, SAFE, no throw by LF
|
Pitching: RHP Tristan Johnson
|
|
Batting: RHB Francisco Hernandez
|
0-0: Ball Pedro Nin steals 3rd base 1-0: Ball 2-0: Ground out 6-3 (Groundball, 6, EV 83.1 MPH) Pedro Nin scores
|
Batting: RHB Alex Ramos
|
0-0: Swinging Strike 0-1: Foul Ball, location: 2F 0-2: Ball 1-2: Fly out, F7 (Line Drive, 7, EV 91.9 MPH)
|
Top of the 6th over - 5 runs, 4 hits, 0 errors, 0 left on base; Buffalo 7 - Scranton WB 1 |
BOTTOM OF THE 6TH |
Scranton WB RailRiders batting - Pitching for Buffalo Bisons : LHP Jon Sosa
|
Batting: RHB Jose Garza
|
0-0: Swinging Strike 0-1: Fly out, F9 (Flyball, 9LD, EV 110.6 MPH)
|
Batting: RHB James Boynton
|
0-0: Called Strike 0-1: Swinging Strike 0-2: Strikes out swinging
|
Batting: RHB Jayden Patterson
|
0-0: Ball 1-0: Ball 2-0: Swinging Strike 2-1: Ball 3-1: Called Strike 3-2: Base on Balls
|
Batting: LHB Kazuyoshi Nakamura
|
0-0: Called Strike 0-1: Ground out 4-3 (Groundball, 4M, EV 105.0 MPH)
|
Bottom of the 6th over - 0 runs, 0 hits, 0 errors, 1 left on base; Buffalo 7 - Scranton WB 1 |
TOP OF THE 7TH |
Buffalo Bisons batting - Pitching for Scranton WB RailRiders : RHP Tristan Johnson
|
Batting: RHB Michel Martineau
|
0-0: Ball 1-0: Called Strike 1-1: Swinging Strike 1-2: Ball 2-2: Foul Ball, location: 2F 2-2: Foul Ball, location: 2F 2-2: SINGLE (Groundball, 34D, EV 95.6 MPH)
|
Batting: RHB John Creel
|
0-0: Ball 1-0: Called Strike 1-1: Grounds into double play, 1-4-3 (Groundball, 15, EV 65.6 MPH)
|
Batting: RHB Danny Heyer
|
0-0: Foul Ball, location: 2F 0-1: Ball 1-1: Ball 2-1: DOUBLE (Line Drive, 89D, EV 106.9 MPH)
|
Batting: LHB Tso-lin Fen
|
0-0: SINGLE (Groundball, 34D, EV 101.2 MPH) Danny Heyer to third Runner from 3rd tries for Home, SAFE, throw by RF to home
|
Batting: RHB Kirk Seiffert
|
0-0: Ball Tso-lin Fen steals 2nd base 1-0: Ball 2-0: Ground out 4-3 (Groundball, 4, EV 104.4 MPH)
|
Top of the 7th over - 1 run, 3 hits, 0 errors, 1 left on base; Buffalo 8 - Scranton WB 1 |
BOTTOM OF THE 7TH |
Scranton WB RailRiders batting - Pitching for Buffalo Bisons : LHP Jon Sosa
|
Batting: RHB Luis Balderas
|
0-0: Foul Ball, location: 2F 0-1: Ball 1-1: Foul Ball, location: 2F 1-2: Foul Ball, location: 2F 1-2: Strikes out swinging
|
Batting: LHB Dan Morris
|
0-0: Called Strike 0-1: Foul Ball, location: 2F 0-2: Ground out 6-3 (Groundball, 6, EV 81.9 MPH)
|
Batting: RHB Emil Wilbrink
|
0-0: Called Strike 0-1: Ball 1-1: Fly out, F6 (Popup, 6M, EV 72.5 MPH)
|
Bottom of the 7th over - 0 runs, 0 hits, 0 errors, 0 left on base; Buffalo 8 - Scranton WB 1 |
TOP OF THE 8TH |
Buffalo Bisons batting - Pitching for Scranton WB RailRiders : RHP Tristan Johnson
|
Batting: LHB Sadamu Noguchi
|
0-0: SINGLE (Groundball, 34S, EV 60.6 MPH) (infield hit)
|
Pinch Hitting: RHB Bobby Keithley
|
0-0: Ball 1-0: Swinging Strike 1-1: Ball Sadamu Noguchi steals 2nd base 2-1: Swinging Strike 2-2: Strikes out looking
|
Batting: RHB Francisco Hernandez
|
0-0: Called Strike 0-1: Ball 1-1: Ball 2-1: SINGLE (Groundball, 6D, EV 102.5 MPH) Sadamu Noguchi to third Runner from 3rd tries for Home, SAFE, throw by CF to home
|
Batting: RHB Alex Ramos
|
0-0: SINGLE (Line Drive, 56, EV 96.9 MPH) Francisco Hernandez to second
|
Batting: RHB Michel Martineau
|
0-0: Called Strike 0-1: Foul Ball, location: 2F 0-2: Ball 1-2: Ball 2-2: Ball 3-2: Fielders Choice at 2nd, 4-6 (Groundball, 4, EV 79.4 MPH) Francisco Hernandez to third
|
Batting: RHB John Creel
|
0-0: Fielders Choice at 2nd, 6-4 (Groundball, 6, EV 106.9 MPH)
|
Top of the 8th over - 1 run, 3 hits, 0 errors, 2 left on base; Buffalo 9 - Scranton WB 1 |
BOTTOM OF THE 8TH |
Scranton WB RailRiders batting - Pitching for Buffalo Bisons : LHP Jon Sosa
|
Now at 2B: Bobby Keithley
|
|
Batting: RHB Sharafat Khanum
|
0-0: SINGLE (Groundball, 4M, EV 88.8 MPH) (infield hit)
|
Pitching: LHP Josh Black
|
|
Batting: RHB Russ Shambaugh
|
0-0: Ball 1-0: Ball 2-0: Ball 3-0: Base on Balls Sharafat Khanum to second
|
Batting: RHB Jose Garza
|
0-0: Called Strike 0-1: Foul Ball, location: 2F 0-2: Strikes out swinging
|
Batting: RHB James Boynton
|
0-0: Called Strike 0-1: Foul Ball, location: 2F 0-2: Ball 1-2: Ball 2-2: Foul Ball, location: 2F 2-2: Grounds out, U3 (Groundball, 3L, EV 91.9 MPH) Sharafat Khanum to third
|
Batting: RHB Jayden Patterson
|
0-0: Foul Ball, location: 2F 0-1: Fly out, F9 (Line Drive, 9D, EV 98.8 MPH)
|
Bottom of the 8th over - 0 runs, 1 hit, 0 errors, 2 left on base; Buffalo 9 - Scranton WB 1 |
TOP OF THE 9TH |
Buffalo Bisons batting - Pitching for Scranton WB RailRiders : RHP Tristan Johnson
|
Pinch Hitting: LHB Timo Gomez
|
0-0: Ground out 5-3 (Groundball, 5L, EV 90.0 MPH)
|
Batting: LHB Tso-lin Fen
|
0-0: Ball 1-0: Hit by Pitch
|
Batting: RHB Kirk Seiffert
|
0-0: Fielders Choice at 2nd, 6-4 (Groundball, 6, EV 90.6 MPH)
|
Batting: LHB Sadamu Noguchi
|
0-0: Ball Kirk Seiffert steals 2nd base (no throw) 1-0: Called Strike 1-1: DOUBLE (Flyball, 78D, EV 102.5 MPH) Kirk Seiffert scores
|
Batting: RHB Bobby Keithley
|
0-0: Ball 1-0: Ball 2-0: Foul Ball, location: 2F 2-1: Called Strike 2-2: Foul Ball, location: 2F 2-2: DOUBLE (Line Drive, 3D, EV 99.4 MPH) Sadamu Noguchi scores
|
Batting: RHB Francisco Hernandez
|
0-0: Ground out 4-3 (Groundball, 34, EV 89.4 MPH)
|
Top of the 9th over - 2 runs, 2 hits, 0 errors, 1 left on base; Buffalo 11 - Scranton WB 1 |
BOTTOM OF THE 9TH |
Scranton WB RailRiders batting - Pitching for Buffalo Bisons : LHP Josh Black
|
Now at 3B: John Loving
|
|
Batting: LHB Kazuyoshi Nakamura
|
0-0: Ball 1-0: Foul Ball, location: 2F 1-1: Called Strike 1-2: Foul Ball, location: 2F 1-2: Foul Ball, location: 2F 1-2: Ball 2-2: Fly out, F6 (Line Drive, 6, EV 71.9 MPH)
|
Batting: RHB Luis Balderas
|
0-0: Ball 1-0: Called Strike 1-1: Ball 2-1: SOLO HOME RUN (Flyball, 7LD, EV 92.5 MPH), Distance : 352 ft
|
Batting: LHB Dan Morris
|
0-0: Ball 1-0: Ball 2-0: Ball 3-0: Called Strike 3-1: Swinging Strike 3-2: Ground out U3 (Groundball, 3, EV 86.2 MPH)
|
Batting: RHB Emil Wilbrink
|
0-0: Fly out, F8 (Flyball, 78D, EV 98.8 MPH)
|
Bottom of the 9th over - 1 run, 1 hit, 0 errors, 0 left on base; Buffalo 11 - Scranton WB 2 |
|